 Dungeon Crawl Stone Soup version 0.30.1-4-g462c640d31 (webtiles) character file.

Game seed: 17943275262740947703

13 Balder the Covered (level 2, 0/27 HPs)
             Began as a Minotaur Fighter on Aug 11, 2023.
             Slain by a goblin
             ... wielding a +0 club
              (3 damage)
             ... on level 1 of the Dungeon.
             The game lasted 00:01:08 (123 turns).

Balder the Covered (Minotaur Fighter)                Turns: 123, Time: 00:01:08

Health: 0/27       AC:  7    Str: 20    XL:     2   Next: 24%
Magic:  1/1        EV:  6    Int:  5    God:
Gold:   0          SH:  4    Dex:  9    Spells: 1/1 levels left

rFire   . . .        a - +0 flail
rCold   . . .        c - +0 buckler
rNeg    . . .        b - +0 scale mail
rPois   .            (helmet restricted)
rElec   .            (no cloak)
rCorr   .            (no gloves)
SInv    .            (no boots)
Will    .....        (no amulet) Stlth
                     (no ring)
HPRegen 0.24/turn    (no ring)
MPRegen 0.07/turn

%: no passive effects
@: mighty, constricted
A: horns 2, retaliatory headbutt
a: no special abilities


You were on level 1 of the Dungeon.
You visited 1 branch of the dungeon, and saw 1 of its levels.

Inventory:

Hand Weapons
 a - a +0 flail (weapon)
Armour
 b - a +0 scale mail (worn)
 c - a +0 buckler (worn)
Scrolls
 e - a scroll of noise {unknown}


   Skills:
 * Level 3.8 Fighting
 * Level 2.4 Maces & Flails
 * Level 4.0 Armour
 * Level 0.2 Dodging
 * Level 0.2 Stealth
 * Level 3.8 Shields


You had one spell level left.
You didn't know any spells.
Your spell library was empty.

Dungeon Overview and Level Annotations

Branches:
Dungeon (1/15)

Altars:


Innate Abilities, Weirdness & Mutations

You have a pair of horns on your head.
You reflexively headbutt those who attack you in melee.


Message History

The ball python bites you but does no damage.
The ball python constricts you. The ball python barely misses you.
The giant cockroach bites you but does no damage.
The ball python closely misses you.
You hit the ball python but do no damage.
You headbutt the ball python.
You kill the ball python!
The bat hits you but does no damage.
The ball python bites you but does no damage.
The ball python constricts you. You block the ball python's attack.
The giant cockroach barely misses you. You furiously retaliate!
You headbutt the giant cockroach. The bat barely misses you.
The ball python bites you but does no damage.
The ball python constricts you.
The ball python bites you but does no damage.
You sock the ball python!
You kill the ball python!
The bat completely misses you. You furiously retaliate!
You headbutt the bat!
You kill the bat!
The giant cockroach barely misses you. You furiously retaliate!
You headbutt the giant cockroach!
You kill the giant cockroach!
The ball python bites you. The ball python constricts you.
The rat bites you but does no damage. The quokka bites you.
* * * LOW HITPOINT WARNING * * *
The ball python completely misses you. The ball python constricts you.
* * * LOW HITPOINT WARNING * * *
Unknown command.
You closely miss the goblin. The goblin hits you with a +0 club.
* * * LOW HITPOINT WARNING * * *
The rat closely misses you. You block the quokka's attack.
The ball python barely misses you. The ball python constricts you.
The rat bites you but does no damage. You block the goblin's attack.
The dart slug bites you but does no damage.
You feel very mighty all of a sudden. You block the quokka's attack.
The ball python bites you but does no damage.
The ball python constricts you. The rat bites you but does no damage.
The goblin hits you with a +0 club.
You die...

## . .##
#..##
##w...#..
#@rB!....
#wrgSl!..#.
.....#g..[##
#.###. #..##
# .. #...
... .... ###
###.


You could see 2 dart slugs, a quokka, a giant cockroach, 2 goblins, a ball
python, a frilled lizard and a rat.

Vanquished Creatures
  3 bats (D:1)
  An endoplasm (D:1)
  A giant cockroach (D:1)
  2 quokkas (D:1)
  4 ball pythons (D:1)
  A frilled lizard (D:1)
12 creatures vanquished.

Notes
Turn   | Place    | Note
-------+----------+-------------------------------------------
     0 | D:1      | Balder the Minotaur Fighter began the quest for the Orb.
     0 | D:1      | Reached XP level 1. HP: 19/19 MP: 0/0
   117 | D:1      | Reached skill level 4 in Armour
   117 | D:1      | Reached XP level 2. HP: 15/27 MP: 1/1
   123 | D:1      | Slain by a goblin

Illustrated notes

Levels and vault maps discovered:
D:1:      giann_horns, layout_basic, columned_hall_lemuel,
          minmay_misc_feat_plants, st_stairs_9, minmay_pentomino_w4

Skill      XL: |  1 |
---------------+----+-----
Armour         | 4 |  4.0
Fighting       | |  3.8
Maces & Flails | |  2.4
Dodging        | |  0.2
Stealth        | |  0.2
Shields        | |  3.8

Action                     || total
---------------------------++-------
  Melee: Flail             ||    18
         Headbutt          ||     3
    Use: Potion            ||     1
 Armour: Scale mail        ||    29
  Dodge: Dodged            ||    15
  Block: Buckler           ||    13
